 Dungeon Crawl Stone Soup version 0.28.0-53-g5a82cb258f (webtiles) character file.

Game seed: 1361675750431031822

183 Ashen the Chiller (level 5, -5/38 HPs)
             Began as a Demonspawn Ice Elementalist on July 25, 2022.
             Slain by an ogre
             ... wielding a +0 giant club
              (27 damage)
             ... on level 4 of the Dungeon.
             The game lasted 00:07:27 (3705 turns).

Ashen the Chiller (Demonspawn Ice Elementalist)     Turns: 3705, Time: 00:07:28

Health: -5/38      AC:  9    Str:  8    XL:     5   Next: 35%
Magic:  6/9        EV: 12    Int: 18    God:
Gold:   68         SH:  0    Dex: 16    Spells: 2/9 levels left

rFire   . . .      SeeInvis .   f - +2 dagger (venom)
rCold   . . .      Faith    .   (no shield)
rNeg    . . .      Spirit   .   p - +0 leather armour
rPois   .          Reflect  .   s - +0 helmet
rElec   .          Harm     .   (no cloak)
rCorr   .          Rampage  .   b - +0 pair of gloves
Will    .....                   (no boots)
Stlth   +++.......              m - amulet of regeneration
HPRegen 0.92/turn               (no ring)
MPRegen 0.11/turn               (no ring)

@: ice-armoured
A: thin skeletal structure 1, weakness stinger 1
a: no special abilities


You were on level 4 of the Dungeon.
You visited 1 branch of the dungeon, and saw 4 of its levels.

You collected 168 gold pieces.
You spent 100 gold pieces at shops.

Inventory:

Hand Weapons
 f - a +2 dagger of venom (weapon)
 i - a +0 short sword of flaming
Missiles
 n - a throwing net
Armour
 b - a +0 pair of gloves (worn)
 p - a +0 leather armour (worn)
 s - a +0 helmet (worn)
Magical Staves
 d - a staff of fire
Jewellery
 m - an amulet of regeneration (around neck)
Scrolls
 o - 2 scrolls of blinking
Potions
 c - 3 potions of haste {unknown}
 h - 2 potions of mutation {unknown}
 j - a potion of heal wounds {unknown}
 k - a potion of cancellation {unknown}
 l - 2 potions of curing
 q - a potion of might
 r - a potion of flight
 u - a potion of lignification {unknown}


   Skills:
 + Level 2.0 Fighting
 + Level 2.8 Dodging
 + Level 2.9 Stealth
 + Level 2.9 Spellcasting
 + Level 4.1 Ice Magic


You had 2 spell levels left.
You knew the following spells:

 Your Spells              Type           Power      Damage    Failure   Level
a - Freeze                Ice            68%        1d8       4%          1
b - Frozen Ramparts       Ice            34%        1d5       13%         3
c - Ozocubu's Armour      Ice            17%        N/A       13%         3

Your spell library contained the following spells:

 Spells                   Type           Power      Damage    Failure   Level
 Hailstorm                Conj/Ice       10%        3d5       71%         4
 Passage of Golubria      Tloc           2%         N/A       94%         4
 Silence                  Hex/Air        1%         N/A       100%        5
 Lehudib's Crystal Spear  Conj/Erth      1%         10d2      100%        8


Dungeon Overview and Level Annotations

Branches:
Dungeon (4/15)
 Temple: D:4-7

Altars:

Shops:
D:3 !


Innate Abilities, Weirdness & Mutations

You have a somewhat thin skeletal structure. (Dex +2, Stealth+)
You have a small tail.


Message History

You see here a +0 morningstar.
Found a leather armour.
You see here a +0 leather armour.
You see here a +0 leather armour.
You see here a giant cockroach corpse.
An ogre comes into view. It is wielding a +0 giant club.
Casting: Frozen Ramparts (quite dangerous; 13% risk of failure)
Confirm with . or Enter, or press ? or * to list all spells.
Okay, then.
The ogre shouts!
The ogre misses you.
You hit the ogre.
The ogre is poisoned.
The ogre is lightly wounded.
Casting: Frozen Ramparts (quite dangerous; 13% risk of failure)
Confirm with . or Enter, or press ? or * to list all spells.
The spell is quite dangerous to miscast (13% risk of failure)!
Continue anyway?
A film of ice covers your body! The ogre hits you with a +0 giant club.
Unknown command.
Casting: Ozocubu's Armour (quite dangerous; 13% risk of failure)
Confirm with . or Enter, or press ? or * to list all spells.
Okay, then.
You hit the ogre.
The ogre looks as sick as possible!
The ogre is moderately wounded.
The ogre completely misses you.
You hit the ogre.
The ogre is moderately wounded.
The ogre closely misses you.
You hit the ogre.
The ogre looks as sick as possible!
The ogre is heavily wounded.
You hit the ogre but do no damage.
The ogre looks as sick as possible!
The ogre is heavily wounded.
The ogre hits you with a +0 giant club!
You barely miss the ogre.
The ogre is heavily wounded.
The ogre hits you but does no damage.
You hit the ogre.
The ogre looks as sick as possible!
The ogre is severely wounded.
The ogre hits you with a +0 giant club!!
Ouch! That really hurt!
You die...

# #.#)# # #.#.#
#.# ###.#.# #..
(##.#.# #.#
.##^#.# #.#
.##.# #.# ..#
#.# #.##
##.##### #..###
#...@O.#
##...####
#.####.#
.###....#####.#
#
...####.......#
.###...)#######
##...####
#..### #.## .†#


You could see an ogre (extremely poisoned).

Vanquished Creatures
  An iguana (D:4)
  4 gnolls (D:3)
  3 adders
  2 worms (D:2)
  2 dart slugs
  4 orcs
  6 bats
  11 endoplasms
  4 giant cockroaches
  A goblin (D:2)
  5 hobgoblins
  3 jackals (D:1)
  6 quokkas
  4 ball pythons
  5 frilled lizards
  8 kobolds
  6 rats
75 creatures vanquished.

Vanquished Creatures (others)
  19 plants (D:1)
19 creatures vanquished.

Grand Total: 94 creatures vanquished

Notes
Turn   | Place    | Note
-------+----------+-------------------------------------------
     0 | D:1      | Ashen the Demonspawn Ice Elementalist began the quest for
                  | the Orb.
     0 | D:1      | Reached XP level 1. HP: 13/13 MP: 3/3
   492 | D:1      | Gained mutation: You have a somewhat thin skeletal
                  | structure. (Dex +2, Stealth+) [demonic ancestry]
   492 | D:1      | Reached XP level 2. HP: 20/20 MP: 0/5
  1724 | D:1      | Gained mutation: You have a small tail. [demonic ancestry]
  1724 | D:1      | Reached XP level 3. HP: 25/25 MP: 6/6
  1905 | D:2      | Reached skill level 1 in Fighting
  2607 | D:2      | Learned a level 3 spell: Frozen Ramparts
  2854 | D:2      | Learned a level 3 spell: Ozocubu's Armour
  2896 | D:3      | Reached XP level 4. HP: 32/32 MP: 7/7
  2941 | D:3      | Found a faded altar of an unknown god.
  2952 | D:3      | Reached skill level 4 in Ice Magic
  3165 | D:3      | Found Raskodio's Distillery.
  3171 | D:3      | Bought a potion of curing for 30 gold pieces
  3171 | D:3      | Bought a potion of might for 40 gold pieces
  3379 | D:3      | Bought a potion of flight for 30 gold pieces
  3419 | D:4      | Reached XP level 5. HP: 29/38 MP: 5/9
  3694 | D:4      | Noticed an ogre
  3705 | D:4      | Slain by an ogre

Illustrated notes

Levels and vault maps discovered:
D:1:      psy_arrival_statuary, layout_loops_ring, lexackson_kobold_supper
D:2:      layout_basic
D:3:      layout_rooms, serial_shops, shop, chequers_ecumenical_altar_island,
          item_on_display_a
D:4:      minmay_general_purpose_star, layout_loops_ring, uniq_menkaure,
          uniq_natasha, uniq_duvessa

Skill      XL: |  1  2  3  4  5 |
---------------+----------------+-----
Stealth        | 2 |  2.9
Dodging        | 2 |  2.8
Fighting       | 1 2 |  2.0
Ice Magic      | 4 |  4.1
Spellcasting   | |  2.9

Action                   |  1- 3 |  4- 6 || total
-------------------------+-------+-------++-------
Melee: Unarmed           |    14 |       ||    14
       Dagger            |    83 |    53 ||   136
       Tailslap          |     9 |     5 ||    14
       Punch             |       |     1 ||     1
 Cast: Freeze            |    28 |       ||    28
       Frozen Ramparts   |       |     2 ||     2
       Ozocubu's Armour  |       |     1 ||     1
  Use: Scroll            |       |     5 ||     5
 Stab: Sleeping          |    10 |     9 ||    19
Armor: Robe              |    30 |     5 ||    35
       Leather armour    |       |     4 ||     4
Dodge: Dodged            |    71 |    25 ||    96
